 Dungeon Crawl Stone Soup version 0.31-a0-115-g4708a659fe (webtiles) character file.

Game seed: 10025104468636930225

492 Chodeload the Trooper (level 6, -2/38 HPs)
             Began as a Deep Elf Wanderer on May 30, 2023.
             Was a Follower of Vehumet.
             Slain by an ogre
             ... wielding a +0 giant club
              (12 damage)
             ... on level 4 of the Dungeon.
             The game lasted 00:13:18 (5040 turns).

Chodeload the Trooper (Deep Elf Wanderer)           Turns: 5040, Time: 00:13:18

Health: -2/38      AC:  3    Str: 12    XL:     6   Next: 91%
Magic:  6/14       EV: 12    Int: 15    God:    Vehumet [*.....]
Gold:   303        SH:  0    Dex: 15    Spells: 5/13 levels left

rFire   . . .        a - +1 dagger (venom)
rCold   + . .        (no shield)
rNeg    . . .        e - +0 robe
rPois   .            (no helmet)
rElec   .            (no cloak)
rCorr   .            (no gloves)
SInv    .            c - +0 pair of boots
Will    .....        (no amulet)
Stlth   ++           u - ring of protection from cold
HPRegen 0.26/turn    (no ring)
MPRegen 0.14/turn

%: no passive effects
@: no status effects
A: no striking features
a: Renounce Religion


You were on level 4 of the Dungeon.
You worshipped Vehumet.
Vehumet was aware of your devotion.
You visited 2 branches of the dungeon, and saw 7 of its levels.

You collected 303 gold pieces.

Inventory:

Hand Weapons
 a - a +1 dagger of venom (weapon)
 b - a +1 hand axe of electrocution
 x - a +1 dagger of draining
Missiles
 f - 9 poisoned darts (quivered)
 r - 6 javelins
 t - 2 curare-tipped darts
Armour
 c - a +0 pair of boots (worn)
 e - a +0 robe (worn)
Jewellery
 u - a ring of protection from cold (left hand)
Wands
 k - a wand of iceblast (8)
Scrolls
 h - a scroll of fear
 i - 2 scrolls of fog
 l - 5 scrolls of teleportation
 m - 2 scrolls of blinking {unknown}
 n - a scroll of immolation {unknown}
 s - a scroll of brand weapon {unknown}
 v - a scroll of acquirement {unknown}
Potions
 d - a potion of attraction
 g - 3 potions of heal wounds {unknown}
 j - a potion of magic {unknown}
 o - a potion of cancellation {unknown}
 p - 3 potions of resistance {unknown}
 q - 2 potions of degeneration {unknown}
 w - a potion of invisibility {unknown}


   Skills:
 - Level 4.1 Fighting
 - Level 2.0 Throwing
 - Level 1.2 Dodging
 - Level 1.2 Stealth
 - Level 4.0 Spellcasting
 + Level 3.8 Conjurations
 + Level 3.1 Air Magic
 + Level 4.1 Poison Magic
 - Level 1.1 Evocations


You had 5 spell levels left.
You knew the following spells:

 Your Spells              Type           Power      Damage    Failure   Level
a - Poisonous Vapours     Pois/Air       28%        N/A       6%          2
b - Mephitic Cloud        Conj/Pois/Air  14%        N/A       12%         3
c - Ignite Poison         Fire/Tmut/Pois 7%         N/A       30%         3

Your spell library contained the following spells:

 Spells                   Type           Power      Damage    Failure   Level
 Sandblast                Erth           6%         2d5       19%         1
 Cigotuvi's Dreadful Rot  Necr/Pois/Air  20%        N/A       10%         2
 Sticky Flame             Conj/Fire      8%         2d3       63%         4
 Freezing Cloud           Conj/Ice/Air   5%         6-21      88%         5
 Ignition                 Fire           1%         3d3       100%        8


Dungeon Overview and Level Annotations

Branches:
Dungeon (6/15)             Temple (1/1) D:4

Altars:
Cheibriados
Makhleb
Nemelex Xobeh
Okawaru
Sif Muna
Uskayaw
Vehumet
The Shining One

Annotations:
D:3 exclusion: downstairs


Message History

Aiming: Poisonous Vapours (safe; 6% risk of failure)
Press: ? - help, Dir - move target, f/p - ogre
Aim: an ogre, wielding a +0 giant club (poisoned) Poisonous vapours surround the ogre!
The ogre looks even sicker.
Casting: Poisonous Vapours (safe; 6% risk of failure)
Confirm with . or Enter, or press ? or * to list all spells.
Aiming: Poisonous Vapours (safe; 6% risk of failure)
Press: ? - help, Dir - move target, f/p - ogre
Aim: an ogre, wielding a +0 giant club (lightly wounded, very poisoned) Poisonous vapours surround the ogre!
The ogre looks even sicker.
The goblin shouts!
The goblin shoots a sling bullet.
The sling bullet closely misses you.
The goblin shoots a sling bullet.
The sling bullet closely misses you.
There is an escape hatch in the ceiling here.
The goblin shoots a sling bullet.
The sling bullet hits you.
The goblin shoots a sling bullet.
The sling bullet misses you.
The goblin shoots a sling bullet.
The sling bullet barely misses you.
The goblin shoots a sling bullet.
The sling bullet hits you.
The goblin shoots a sling bullet.
The sling bullet hits you.
The goblin shoots a sling bullet.
The sling bullet barely misses you.
The goblin shoots a sling bullet.
The sling bullet closely misses you.
The ogre looks more healthy.
Casting: Poisonous Vapours (safe; 6% risk of failure)
Confirm with . or Enter, or press ? or * to list all spells.
Aiming: Poisonous Vapours (safe; 6% risk of failure)
Press: ? - help, Dir - move target, f/p - ogre
Aim: an ogre, wielding a +0 giant club (severely wounded) Poisonous vapours surround the ogre!
The ogre is poisoned.
The ogre attacks as you move away!
The ogre hits you with a +0 giant club!!
Ouch! That really hurt!
* * * LOW HITPOINT WARNING * * *
Casting: Poisonous Vapours (safe; 6% risk of failure)
Confirm with . or Enter, or press ? or * to list all spells.
Aiming: Poisonous Vapours (safe; 6% risk of failure)
Press: ? - help, Dir - move target, f/p - ogre
Aim: an ogre, wielding a +0 giant club (severely wounded, poisoned) Poisonous vapours surround the ogre!
The ogre looks even sicker.
The ogre hits you with a +0 giant club!
You die...

###...'...#.##....#..............
..#...#(..#.......#..............
..#...#####.......#.......#'#####
..).).....'.......'.......#......
###.......#####+###.......#......
....#####.................#......
....# #.................#..##.#
....# #..........########..##>#
....# #......O@..'...)......#..
....#####..........#..........'..
'##.......g.########..........#..
..#.........#.......)..##....##..
..#......>..#..........##....##..
..#.........#.....##...##........
..#.........#.....##...##........
###........)########.............
.......###+###....##...##....##..


You could see an ogre (very poisoned) and a goblin.

Vanquished Creatures
  An ogre (D:5)
  2 scorpions
  A hound (D:4)
  A jelly (D:4)
  An orc wizard (D:5)
  5 adders
  7 gnolls
  A worm (D:2)
  11 orcs
  9 ball pythons
  8 endoplasms
  A giant cockroach (D:2)
  9 goblins
  8 hobgoblins
  8 jackals (D:1)
  3 kobolds
  A quokka (D:3)
  4 bats
  A frilled lizard (D:1)
  5 rats
87 creatures vanquished.

Notes
Turn   | Place    | Note
-------+----------+-------------------------------------------
     0 | D:1      | Chodeload the Deep Elf Wanderer began the quest for the
                  | Orb.
     0 | D:1      | Chodeload set off with the following items: a +3 dagger, 2
                  | curare-tipped darts, a +0 pair of boots, a potion of
                  | attraction, a +0 robe.
     0 | D:1      | Reached XP level 1. HP: 15/15 MP: 3/3
    17 | D:1      | Reached skill level 1 in Spellcasting
   166 | D:1      | Reached XP level 2. HP: 4/20 MP: 6/8
   441 | D:1      | Reached XP level 3. HP: 24/24 MP: 10/10
  1137 | D:2      | Learned a level 2 spell: Poisonous Vapours
  1141 | D:2      | Learned a level 3 spell: Mephitic Cloud
  1145 | D:2      | Learned a level 3 spell: Ignite Poison
  1499 | D:3      | Reached skill level 1 in Air Magic
  1499 | D:3      | Reached skill level 1 in Poison Magic
  1567 | D:3      | You fall into a shaft and drop 2 floors!
  1567 | D:5      | Entered Level 5 of the Dungeon
  1580 | D:5      | Noticed an ogre
  1617 | D:5      | Noticed a scorpion
  1623 | D:5      | Killed an ogre
  1624 | D:5      | Reached XP level 4. HP: 29/29 MP: 12/12
  1624 | D:5      | Reached XP level 5. HP: 33/33 MP: 13/13
  1738 | D:5      | Noticed a phantom
  1949 | D:5      | Reached skill level 1 in Conjurations
  2401 | D:4      | Reached XP level 6. HP: 38/38 MP: 7/14
  2497 | D:4      | Found a staircase to the Ecumenical Temple.
  2506 | Temple   | Entered the Ecumenical Temple
  2514 | Temple   | Became a worshipper of Vehumet
  3850 | D:3      | Reached * piety under Vehumet
  3850 | D:3      | Offered knowledge of Sandblast by Vehumet.
  5040 | D:4      | Slain by an ogre

Illustrated notes

Levels and vault maps discovered:
D:1:      amcnicky_arrival_single_pillar, layout_loops_ring
D:2:      layout_basic
D:3:      layout_loops_ring
D:4:      layout_gridville, minmay_temple_entry_trees, minmay_ogre_servants
D:5:      layout_basic
D:6:      layout_cave_pools, minivault_19, hangedman_decor_growths,
          minmay_manual_mandibuliform, uniq_prince_ribbit1, uniq_maggie
Temple:   eino_temple_lava

Skill      XL: |  1  2  3  4  5  6 |
---------------+-------------------+-----
Spellcasting   | 3 4 |  4.0
Air Magic      | 2 3 |  3.1
Poison Magic   | 2 3 4 |  4.1
Conjurations   | 2 3 |  3.8
Fighting       | |  4.1
Throwing       | |  2.0
Dodging        | |  1.2
Stealth        | |  1.2
Evocations     | |  1.1

Action                     |  1- 3 |  4- 6 || total
---------------------------+-------+-------++-------
  Melee: Dagger            |   109 |    96 ||   205
         Punch             |     1 |       ||     1
  Throw: Dart              |     3 |    12 ||    15
   Cast: Poisonous Vapours |       |    94 ||    94
  Evoke: Wand              |       |     2 ||     2
    Use: Scroll            |     4 |       ||     4
   Stab: Sleeping          |     5 |       ||     5
 Armour: Robe              |    20 |    12 ||    32
  Dodge: Dodged            |    65 |    90 ||   155

Table legend: (Time is in decaauts)
 A = Elapsed time spent in this place.
 B = Non-inter-level travel time spent in this place.
 C = Inter-level travel time spent in this place.
 D = Time resting spent in this place.
 E = Time spent auto-exploring this place.
 F = Levels seen in this place.
 G = Mean time per level.
                   A        B        C        D        E       F      G
               +--------+--------+--------+--------+--------+-----+--------+
         Total |   5040 |   4905 |    135 |    455 |   2981 |   7 |  720.0 |
       Dungeon |   5023 |   4895 |    128 |    455 |   2981 |   6 |  837.2 |
        Temple |     16 |      9 |      7 |      0 |      0 |   1 |   16.0 |
               +--------+--------+--------+--------+--------+-----+--------+

Top non-repeatable levels by time:
     D:3: 1473 daAuts
     D:4: 1222 daAuts
     D:1: 780 daAuts
     D:5: 777 daAuts
     D:2: 758 daAuts
  Temple: 16 daAuts
     D:6: 12 daAuts
